 Dungeon Crawl Stone Soup version 0.26-a0-259-g1effd001a9 (webtiles) character file.

Game seed: 14408289823012564785

735 vurker the Gusty (level 7, -9/41 HPs)
             Began as a Tengu Air Elementalist on July 20, 2020.
             Was a Follower of Vehumet.
             Killed from afar by Dowan (15 damage)
             ... with a shard of ice
             ... on level 4 of the Dungeon.
             The game lasted 00:06:44 (4860 turns).

vurker the Gusty (Tengu Air Elementalist)           Turns: 4860, Time: 00:06:45

Health: -9/41      AC:  3    Str:  8    XL:     7   Next: 74%
Magic:  6/15       EV: 15    Int: 18    God:    Vehumet [*.....]
Gold:   107        SH:  0    Dex: 14    Spells: 5/15 levels left

rFire    . . .     SeeInvis .   d - +0 dagger (elec)
rCold    . . .     Faith    .   (no shield)
rNeg     . . .     Spirit   .   a - +0 robe
rPois    .         Reflect  .   i - +1 hat
rElec    .         Harm     .   (no cloak)
rCorr    .                      (no gloves)
MR       .....                  (boots unavailable)
Stlth    ++........             (no amulet)
HPRegen  0.13/turn              (no ring)
MPRegen  0.14/turn              (no ring)

@: flying quickly and evasively, very slightly contaminated, quick
A: beak, talons 3, able to fly
a: Stop Flying, Renounce Religion


You were on level 4 of the Dungeon.
You worshipped Vehumet.
Vehumet was aware of your devotion.
You were not hungry.

You visited 1 branch of the dungeon, and saw 4 of its levels.

You collected 107 gold pieces.

Inventory:

Hand Weapons
 d - a +0 dagger of electrocution (weapon)
   (You took it off Ijyb on level 4 of the Dungeon)
Armour
 a - a +0 robe (worn)
 i - a +1 hat (worn)
   (You found it on level 2 of the Dungeon)
Wands
 b - a wand of enslavement (7)
   (You took it off Ijyb on level 4 of the Dungeon)
Scrolls
 c - a scroll of identify
 g - a scroll of remove curse {unknown}
 l - a scroll of blinking
 m - a scroll of fear
Potions
 f - 2 potions of curing
Comestibles
 e - 20 rations


   Skills:
 + Level 3.1 Fighting
 - Level 2.1 Dodging
 - Level 2.0 Stealth
 * Level 4.7 Spellcasting
 + Level 4.3 Conjurations
 * Level 7.4 Air Magic


You had 5 spell levels left.
You knew the following spells:

 Your Spells              Type           Power        Failure   Level
a - Shock                 Conj/Air       ####         1%          1
b - Lightning Bolt        Conj/Air       ####......   32%         5
c - Airstrike             Air            ####......   6%          4

Your spell library contained the following spells:

 Spells                   Type           Power        Failure   Level
 Foxfire                  Conj/Fire      ##..         5%          1
 Static Discharge         Conj/Air       ####....     3%          3
 Swiftness                Chrm/Air       ###.....     4%          2


Dungeon Overview and Level Annotations

Branches:
Dungeon (4/15)
 Temple: D:4-7

Altars:
Okawaru
Sif Muna
Vehumet
Yredelemnul

Shops:
D:4 =

Annotations:
D:3 3 runed translucent doors, XanderDroid's ghost, amateur GnWz; jt's ghost, amateur DDFi
D:4 Dowan


Innate Abilities, Weirdness & Mutations

You have a beak for a mouth.
You have claws for feet.
You can fly continuously.


Message History

Duvessa shouts!
Aim: Duvessa, wielding a +0 short sword and wearing a +0 leather armour You miscast Shock.
You are very lightly contaminated with residual magic.
Nothing appears to happen.
Aim: Duvessa, wielding a +0 short sword and wearing a +0 leather armour The zap hits Duvessa.
Dowan, Brother of Duvessa comes into view.
He is wielding a +0 dagger.
Dowan shouts!
Dowan casts a spell at Duvessa.
Duvessa seems to speed up.
There is a stone staircase leading up here.
Aim: Duvessa, wielding a +0 short sword and wearing a +0 leather armour (lightly wounded, fast)
The zap hits Duvessa.
The zap hits Duvessa but does no damage.
Duvessa hits you with a +0 short sword.
Aim: Duvessa, wielding a +0 short sword and wearing a +0 leather armour (moderately wounded, fast)
The zap hits Duvessa. x2; Duvessa hits you with a +0 short sword!
Duvessa hits you with a +0 short sword.
Aim: Duvessa, wielding a +0 short sword and wearing a +0 leather armour (heavily wounded, fast)
The zap hits Duvessa. x2; Duvessa barely misses you.
Aim: Duvessa, wielding a +0 short sword and wearing a +0 leather armour (severely wounded, fast)
The zap misses Duvessa. x2; Duvessa misses you.
Duvessa hits you with a +0 short sword!
* * * LOW HITPOINT WARNING * * *
Aim: Duvessa, wielding a +0 short sword and wearing a +0 leather armour (severely wounded, fast)
The zap misses Duvessa. x2; Duvessa hits you with a +0 short sword!
* * * LOW HITPOINT WARNING * * *
Aim: Duvessa, wielding a +0 short sword and wearing a +0 leather armour (severely wounded, fast)
The zap hits Duvessa.
The zap misses Dowan.
The zap hits Dowan.
The zap misses Duvessa.
Duvessa hits you but does no damage. Duvessa hits you with a +0 short sword.
* * * LOW HITPOINT WARNING * * *
Unknown command.
Aim: Duvessa, wielding a +0 short sword and wearing a +0 leather armour (almost dead, fast)
You miscast Shock.
Nothing appears to happen.
Duvessa hits you with a +0 short sword.
* * * LOW HITPOINT WARNING * * *
Dowan gestures wildly while chanting.
Dowan blinks!
Unknown command.
Aim: Duvessa, wielding a +0 short sword and wearing a +0 leather armour (almost dead, fast)
The zap hits Duvessa.
You kill Duvessa!
Vehumet accepts your kill.
Dowan screams, "No!
Oh no!"
Dowan seems to find hidden reserves of power!
Dowan points at you and mumbles some strange words.
The shard of ice hits you!
You die...

..e........# .... ........
..........##.. ..##...#
#######............## #.
.. ###.....#.........#...
........#...e....##..##
...........e.##...#... #
.............##...#.# .#
....................###..#
#..........###..@.)..)...#
.. ...........#
#...........#...
...........#
##..............
..........>#
#..#.#######.#. .
..........# #..##...####.#
.. .........
##........#..####..
#..#.###...........
...#.....##........#..
#............##...#..


You could see Dowan (fast).

Vanquished Creatures
  Duvessa (D:4)
  2 phantoms (D:4)
  An ogre (D:4)
  2 scorpions (D:4)
  2 orc wizards
  Jessica (D:2)
  Ijyb (D:4)
  6 adders
  3 gnolls
  An ooze (D:1)
  2 worms
  2 dart slugs (D:1)
  3 leopard geckos
  7 orcs
  6 giant cockroaches
  6 goblins
  8 hobgoblins
  A quokka (D:2)
  A ball python (D:2)
  8 bats
  3 frilled lizards
  6 kobolds
  5 rats
78 creatures vanquished.

Vanquished Creatures (others)
  A withered plant (D:3)
1 creature vanquished.

Grand Total: 79 creatures vanquished

Notes
Turn   | Place    | Note
-------+----------+-------------------------------------------
     0 | D:1      | vurker the Tengu Air Elementalist began the quest for the
                  | Orb.
     0 | D:1      | Reached XP level 1. HP: 10/10 MP: 4/4
    67 | D:1      | Reached XP level 2. HP: 10/15 MP: 0/6
   738 | D:1      | Reached XP level 3. HP: 12/20 MP: 1/7
  1074 | D:1      | Reached skill level 1 in Fighting
  1401 | D:2      | Found a basalt altar of Yredelemnul.
  1533 | D:2      | Found an iron altar of Okawaru.
  1762 | D:2      | Reached XP level 4. HP: 25/25 MP: 6/9
  1914 | D:2      | Noticed Jessica
  1932 | D:2      | Killed Jessica
  1932 | D:2      | Reached skill level 5 in Air Magic
  2469 | D:2      | Gained mutation: You can fly continuously. [Tengu growth]
  2469 | D:2      | Reached XP level 5. HP: 29/29 MP: 8/10
  2813 | D:3      | Learned a level 5 spell: Lightning Bolt
  2818 | D:3      | Learned a level 4 spell: Airstrike
  2888 | D:3      | Found a radiant altar of Vehumet.
  2974 | D:3      | Found a shimmering blue altar of Sif Muna.
  2979 | D:3      | Became a worshipper of Vehumet
  3449 | D:3      | Found a runed translucent gate.
  3450 | D:3      | Found a runed translucent gate.
  3451 | D:3      | Found a runed translucent gate.
  3453 | D:3      | Noticed jt's ghost (amateur DDFi)
  3454 | D:3      | Noticed XanderDroid's ghost (amateur GnWz)
  3495 | D:3      | Found a faded altar of an unknown god.
  3626 | D:4      | Noticed a phantom
  3881 | D:4      | Noticed an ogre
  4051 | D:4      | Killed a phantom
  4051 | D:4      | Reached skill level 6 in Air Magic
  4051 | D:4      | Reached XP level 6. HP: 16/35 MP: 0/12
  4494 | D:4      | Reached XP level 7. HP: 40/40 MP: 7/14
  4633 | D:4      | Reached skill level 7 in Air Magic
  4675 | D:4      | Noticed Ijyb
  4685 | D:4      | Killed Ijyb
  4783 | D:4      | Found Norchyot's Jewellery Shop.
  4797 | D:4      | Reached * piety under Vehumet
  4797 | D:4      | Offered knowledge of Foxfire by Vehumet.
  4841 | D:4      | Noticed Duvessa
  4843 | D:4      | Noticed Dowan
  4859 | D:4      | Killed Duvessa
  4860 | D:4      | Killed from afar by Dowan

Illustrated notes

Levels and vault maps discovered:
D:1:      elethiomel_arrival_maze, layout_basic, serial_glass, glass_columns_a,
          glass_columns_a, glass_columns_b, glass_columns_a, glass_columns_a,
          glass_columns_a, glass_columns_c, glass_columns_c, serial_park_tiny_2,
          minmay_hedge_maze
D:2:      layout_basic, okawaru_gym_becter, first_ration, lemuel_tele_altar,
          uniq_jessica
D:3:      layout_basic, grunt_temple_overflow_open, gammafunk_ghost_cemetery,
          chequers_ecumenical_altar_grove
D:4:      layout_cave_pools, serial_shops, shop,
          hangedman_abyss_or_decor_stagger, kennysheep_doodads, uniq_ijyb,
          uniq_duvessa

Skill      XL: |  1  2  3  4  5  6  7 |
---------------+----------------------+-----
Fighting       | 1 2 3 |  3.1
Conjurations   | 2 3 4 |  4.3
Spellcasting   | 3 4 |  4.7
Air Magic      | 5 6 7 |  7.4
Dodging        | |  2.1
Stealth        | |  2.0

Action                   |  1- 3 |  4- 6 |  7- 9 || total
-------------------------+-------+-------+-------++-------
Melee: Unarmed           |     7 |       |       ||     7
       Peck              |     6 |     3 |       ||     9
       Kick              |     4 |     3 |       ||     7
       Dagger            |    23 |    12 |       ||    35
 Cast: Shock             |    71 |   106 |    32 ||   209
       Airstrike         |       |     4 |       ||     4
 Abil: Fly               |       |     1 |       ||     1
  Use: Scroll            |       |     9 |       ||     9
  Eat: Ration            |     1 |     2 |     1 ||     4
Armor: Robe              |    15 |     3 |     1 ||    19
Dodge: Dodged            |    33 |    28 |     4 ||    65

Table legend:
 A = Non-vault XP
 B = Vault XP
 C = Vault XP percentage of total XP
 D = Non-vault monster count
 E = Vault monster count
 F = Vault count percentage of total count
                 A         B        C        D         E       F
            +---------+---------+-------+---------+---------+-------
      Total |     836 |     215 |  20.5 |      75 |       3 |   3.8
            +---------+---------+-------+---------+---------+-------
        D:1 |      48 |       0 |   0.0 |      24 |       0 |   0.0
        D:2 |      82 |      37 |  31.1 |      21 |       1 |   4.5
        D:3 |     104 |       0 |   0.0 |      17 |       0 |   0.0
        D:4 |     602 |     178 |  22.8 |      13 |       2 |  13.3
            +---------+---------+-------+---------+---------+-------
